 Dungeon Crawl Stone Soup version 0.20-a0-1000-g0e8f6bb (webtiles) character file.

176 Hybris the Skirmisher (level 5, -13/43 HPs)
             Began as a Human Fighter on Apr 12, 2017.
             Mangled by an ogre
             ... wielding a +0 giant spiked club
              (23 damage)
             ... on level 4 of the Dungeon.
             The game lasted 00:04:59 (2661 turns).

Hybris the Skirmisher (Human Fighter)               Turns: 2661, Time: 00:05:00

Health: -13/43     AC:  9    Str: 17    XL:     5   Next: 86%
Magic:  5/5        EV:  7    Int:  9    God:
Gold:   185        SH:  9    Dex: 12    Spells: 4/4 levels left

rFire    . . .     SeeInvis .   a - +0 long sword
rCold    + . .     Gourm    .   c - +0 shield
rNeg     . . .     Faith    +   b - +0 scale mail
rPois    .         Spirit   .   (no helmet)
rElec    .         Reflect  .   o - scarf {rC+}
rCorr    .         Harm     .   (no gloves)
MR       .....                  (no boots)
Stlth    ..........             u - amulet of faith
Regen    0.2/turn               m - +3 ring of protection
MPRegen  0.1/turn               (no ring)

@: no status effects
A: no striking features
a: no special abilities


You were on level 4 of the Dungeon.
You were not hungry.

You visited 1 branch of the dungeon, and saw 4 of its levels.

You collected 185 gold pieces.

Inventory:

Hand Weapons
 a - a +0 long sword (weapon)
 x - a +0 falchion
Missiles
 e - 2 throwing nets (quivered)
Armour
 b - a +0 scale mail (worn)
 c - a +0 shield (worn)
 o - a scarf of cold resistance (worn)
Jewellery
 m - a +3 ring of protection (left hand)
 u - an amulet of faith (around neck)
 A - an uncursed ring of teleportation
Scrolls
 i - a scroll of remove curse
 k - a scroll of enchant armour {unknown}
 l - a scroll of fog
 p - a scroll of enchant weapon {unknown}
 q - a scroll of magic mapping {unknown}
 y - a scroll of identify {unknown}
 z - 2 scrolls of teleportation {unknown}
Potions
 d - a potion of might
 h - a potion of curing
 j - a potion of degeneration {unknown}
 n - 2 potions of lignification {unknown}
 r - 3 potions of haste {unknown}
 v - a potion of heal wounds {unknown}
Comestibles
 f - 4 bread rations
 g - 3 fruits
 s - 2 royal jellies
 t - 2 meat rations


   Skills:
 * Level 4.4 Fighting
 * Level 3.9 Long Blades
 - Level 3.0 Armour
 + Level 3.6 Shields


You had 4 spell levels left.
You didn't know any spells.

Dungeon Overview and Level Annotations

Branches:
Dungeon (4/15)
 Temple: D:4-7

Altars:
Zin

Annotations:
D:3 1 runed door


Message History

The ogre hits you with a giant spiked club!
* * * LOW HITPOINT WARNING * * *
It was a potion of curing.
You feel better. You block the ogre's attack.
You barely miss the ogre.
The ogre is moderately wounded.
You block the ogre's attack.
You barely miss the ogre.
The ogre is moderately wounded.
You completely miss the ogre.
The ogre is moderately wounded.
The ogre closely misses you.
You closely miss the ogre.
The ogre is moderately wounded.
The ogre hits you with a giant spiked club!
* * * LOW HITPOINT WARNING * * *
You hit the ogre.
The ogre is moderately wounded.
The ogre hits you with a giant spiked club!!
Ouch! That really hurt!
You die...

#.. ..# #.# #.# #### #.#
#. #.# ... #.# #.##.# )..
#.# #.##.# #.# #
#.###.##.# #.# ## ##
#..##.##.# #.##.##
.####...#.##.####.....####
.'..............@O$......+
.##.#...#..########...####
###.##.##..# ..## #
#.##.....# .... #.##.###.#
.###. #.##.# #.# .# #
#.##.###.# .. #........#
#. ####.#####


You could see an ogre.

Vanquished Creatures
  An orc wizard (D:3)
  3 adders
  4 gnolls (D:2)
  3 worms (D:2)
  2 dart slugs
  3 leopard geckos
  2 orcs (D:3)
  7 bats
  4 giant cockroaches
  5 goblins
  8 hobgoblins
  3 ball pythons
  12 frilled lizards
  5 kobolds
  9 rats
71 creatures vanquished.

Notes
Turn   | Place    | Note
-------+----------+-------------------------------------------
     0 | D:1      | Hybris the Human Fighter began the quest for the Orb.
     0 | D:1      | Reached XP level 1. HP: 18/18 MP: 1/1
    88 | D:1      | Reached XP level 2. HP: 21/24 MP: 2/2
   458 | D:1      | Reached XP level 3. HP: 20/29 MP: 3/3
  1123 | D:2      | Reached XP level 4. HP: 28/37 MP: 4/4
  1344 | D:2      | Reached skill level 4 in Fighting
  1649 | D:2      | Reached XP level 5. HP: 41/42 MP: 5/5
  2132 | D:3      | Found a glowing silver altar of Zin.
  2132 | D:3      | Noticed an angel
  2133 | D:3      | Found a runed door.
  2649 | D:4      | Noticed an ogre
  2661 | D:4      | Mangled by an ogre

Vault maps used:
D:1:      lemuel_arrival_cross
D:3:      lemuel_angel_altar
D:4:      first_bread, uniq_natasha

Skill      XL: |  1  2  3  4 |
---------------+-------------+-----
Long Blades    | 3 |  3.9
Fighting       | 4 |  4.4
Armour         | |  3.0
Shields        | |  3.6

Action                   |  1- 3 |  4- 6 || total
-------------------------+-------+-------++-------
Melee: Long sword        |   128 |   136 ||   264
  Use: Scroll            |     1 |     3 ||     4
       Potion            |       |     2 ||     2
  Eat: Chunk             |     1 |     5 ||     6
Armor: Scale mail        |    76 |    46 ||   122
Dodge: Dodged            |    44 |    30 ||    74
Block: Shield            |    67 |    60 ||   127
       Rpst.: Long sword |    15 |     8 ||    23
